 Dungeon Crawl Stone Soup version 0.19.4-10-g532645f (webtiles) character file.

7369 sveltemanboy the Cleaver (level 11, 0/50 HPs)
             Began as a Vine Stalker Hunter on Feb 23, 2017.
             Was an Initiate of Okawaru.
             Killed by vampiric draining
             ... invoked by Josephine
              (5 damage)
             ... on level 9 of the Dungeon.
             The game lasted 00:31:49 (8487 turns).

sveltemanboy the Cleaver (Vine Stalker Hunter)      Turns: 8487, Time: 00:31:50

Health: 0/50       AC: 10    Str: 16    XL:     11   Next: 14%
Magic:  0/13       EV: 12    Int: 14    God:    Okawaru [......]
Gold:   930        SH:  0    Dex: 14    Spells: 0 memorised, 10 levels left

rFire  . . .     SeeInvis .     a - +2 hand crossbow
rCold  . . .     Gourm    .     F - +3 ring mail
rNeg   . . .     Faith    .     (no shield)
rPois  .         Spirit   +     i - +0 helmet
rElec  .         Reflect  .     g - +0 cloak
rCorr  .         Harm     .     (no gloves)
MR     +....                    (no boots)
Stlth  +.........               c - amulet of rage
                                s - +2 ring of evasion
                                o - ring of wizardry

@: heavily drained
A: fangs 3, regeneration 1, magic shield, antimagic bite, no device heal 3, rot
immunity
a: Renounce Religion, Evoke Berserk Rage


You were on level 9 of the Dungeon.
You worshipped Okawaru.
Okawaru was noncommittal.
You were not hungry.

You visited 2 branches of the dungeon, and saw 11 of its levels.
You also visited: Bailey.

You collected 930 gold pieces.

Inventory:

Hand Weapons
 a - a +2 hand crossbow (weapon)
 b - a +2 war axe of electrocution
 O - a cursed +3 battleaxe
Missiles
 l - 32 bolts (quivered)
Armour
 g - a +0 cloak (worn)
 i - a +0 helmet (worn)
 F - a +3 ring mail (worn)
Jewellery
 c - an amulet of rage (around neck)
 n - an uncursed ring of positive energy
 o - a ring of wizardry (left hand)
 s - a +2 ring of evasion (right hand)
Scrolls
 k - a scroll of identify
 m - a scroll of fog
 r - 3 scrolls of amnesia
 t - 2 scrolls of immolation
 u - a scroll of magic mapping
 v - 2 scrolls of recharging
 y - 4 scrolls of enchant armour
 L - a scroll of teleportation
 N - a scroll of vulnerability
Potions
 e - 3 potions of haste
 h - 2 potions of cancellation
 j - 3 potions of agility
 p - 3 potions of curing
 w - a potion of cure mutation
 z - 2 potions of brilliance
 B - a potion of magic
 C - a potion of berserk rage
Comestibles
 f - 9 bread rations
 A - 2 meat rations
 D - 3 beef jerkies
 E - 7 slices of pizza
 J - 4 fruits


   Skills:
 - Level 2.1(0.0) Fighting
 * Level 12.3(9.6) Axes
   Level 5.4(6.9) Polearms
 - Level 4.0(1.5) Crossbows
 + Level 4.6(2.1) Armour
 - Level 3.2(0.8) Dodging
 - Level 1.2(0.0) Stealth
 + Level 2.0(0.0) Invocations


You had 10 spell levels left.
You didn't know any spells.

Dungeon Overview and Level Annotations

Branches:
Dungeon (10/15)            Temple (1/1) D:5            Lair (0/6) D:8
    Orc: D:9-12

Altars:
Ashenzari
Cheibriados
Dithmenos
Elyvilon
Fedhas
Gozag
Hepliaklqana
Kikubaaqudgha
Makhleb
Nemelex Xobeh
Okawaru
Qazlal
Ru
Sif Muna
Trog
Uskayaw
Vehumet
Xom
Yredelemnul
Zin
The Shining One

Shops:
D:6 (   D:10 *

Annotations:
D:9 Josephine


Innate Abilities, Weirdness & Mutations

You have razor-sharp teeth.
Your natural rate of healing is unusually fast.
When hurt, damage is shared between your health and your magic reserves.
Your bite disrupts and absorbs the magic of your enemies.
Potions and wands cannot restore your health.
You are immune to rotting.


Message History

You are too injured to fight recklessly!
Okay, then.
Okay, then.
As you read the scroll of fear, it crumbles to dust.
You assume a fearsome visage.
Josephine looks frightened!
Josephine is infused with unholy energy.
* * * LOW HITPOINT WARNING * * *
Josephine draws life force from you and is healed!
Your +2 war axe of electrocution stops crackling.
a - a +2 hand crossbow (weapon)
Firing (i - inventory):
l - 33 bolts (quivered)
Press: ? - help, Shift-Dir - straight line, f - Josephine
Aim: Josephine, wielding a dagger and wearing a glowing robe (heavily wounded, fleeing)
You shoot a bolt. The bolt hits Josephine!
Your attack snaps Josephine out of her fear.
Josephine is severely wounded.
Josephine gives up.
Cornered, Josephine turns to fight!
Josephine is infused with unholy energy.
You die...

####.........##
#............##
#.......#.)....
#.......#.)###.
#........).# #.
#.......#..###.
#..[....#......
####........).....
#@)....###.#.##.#.
#@.....# #....[.#.
#.[###.###.#......
#..# #.....#..###.
#..# ###.#.#..# #.
#..# #.#.##[###.
#####..#
#.#........
#......#
#.####.#.##
#.####.#
#.####....#


You could see Josephine.

Vanquished Creatures
  Pikel (D:7)
  A hill giant (D:8)
  A gargoyle (D:10)
  4 yaks
  A human (D:8)
  2 wraiths (D:10)
  3 hogs (D:8)
  Menkaure (D:7)
  The ghost of pps the Magician, an amateur HEWz (D:4)
  A water moccasin (D:6)
  2 hell hounds (D:8)
  A slave (D:7)
  2 ice beasts
  6 orc warriors
  3 phantoms
  A necrophage (D:8)
  2 ogres
  2 black bears
  A centaur (D:8)
  A big kobold (D:8)
  6 bullfrogs
  A wyvern skeleton (D:6)
  A water moccasin skeleton (D:5)
  A scorpion (D:8)
  5 killer bees (D:9)
  14 wights
  4 howler monkeys
  A crimson imp (D:5)
  2 centaur zombies
  2 orc priests
  3 hounds
  A bullfrog skeleton (D:7)
  2 centaur skeletons (D:4)
  3 iguanas
  9 orc wizards
  5 worker ants
  A hound skeleton (D:4)
  12 adders
  5 gnolls
  2 shadow imps
  3 oozes
  An adder zombie (D:7)
  An adder skeleton (D:6)
  4 worms
  3 dart slugs
  4 leopard geckos
  33 orcs
  8 bats
  6 giant cockroaches
  13 goblins
  12 hobgoblins
  3 jackals (D:4)
  5 quokkas
  2 ball pythons
  8 frilled lizards
  A jackal skeleton (D:6)
  2 jackal zombies (D:5)
  27 kobolds
  A quokka skeleton (D:5)
  A quokka zombie (D:5)
  8 rats
263 creatures vanquished.

Notes
Turn   | Place    | Note
-------+----------+-------------------------------------------
     0 | D:1      | sveltemanboy the Vine Stalker Hunter began the quest for the Orb.
     0 | D:1      | Reached XP level 1. HP: 11/11 MP: 2/2
     7 | D:1      | Noticed a worker ant
     7 | D:1      | Noticed a swamp worm
     7 | D:1      | Noticed a wyvern
     7 | D:1      | Noticed an anaconda
   114 | D:1      | Reached XP level 2. HP: 15/15 MP: 3/3
   346 | D:1      | Reached skill level 1 in Armour
   490 | D:1      | Reached XP level 3. HP: 12/18 MP: 4/4
  1377 | D:2      | Reached skill level 1 in Polearms
  1390 | D:2      | Gained mutation: Your natural rate of healing is unusually fast. [Vine Stalker growth]
  1390 | D:2      | Reached XP level 4. HP: 23/23 MP: 5/5
  1977 | D:3      | Reached XP level 5. HP: 26/26 MP: 6/6
  2445 | D:4      | Noticed pps's ghost (amateur HEWz)
  2455 | D:4      | Killed pps's ghost
  2455 | D:4      | Reached XP level 6. HP: 12/30 MP: 2/7
  2861 | D:4      | Reached XP level 7. HP: 33/35 MP: 6/8
  3086 | D:4      | Reached skill level 5 in Polearms
  3259 | D:4      | Found a hide-covered altar of Uskayaw.
  3259 | D:4      | Found a glowing golden altar of the Shining One.
  3409 | D:5      | Entered Level 5 of the Dungeon
  3596 | D:5      | Reached skill level 1 in Axes
  3636 | D:5      | Reached skill level 2 in Axes
  3692 | D:5      | Found a staircase to the Ecumenical Temple.
  3701 | Temple   | Entered the Ecumenical Temple
  4113 | D:6      | Gained mutation: You have razor-sharp teeth. [Vine Stalker growth]
  4113 | D:6      | Reached XP level 8. HP: 31/39 MP: 9/9
  4116 | D:6      | Reached skill level 3 in Axes
  4168 | D:6      | Reached skill level 4 in Axes
  4356 | D:6      | Reached skill level 5 in Axes
  4610 | D:6      | Found Niyfrouz's Antique Weapon Boutique.
  4754 | D:7      | Noticed Menkaure
  4877 | D:7      | Killed Menkaure
  4877 | D:7      | Reached skill level 6 in Axes
  4915 | D:7      | Reached XP level 9. HP: 42/42 MP: 10/10
  4921 | D:7      | Reached skill level 7 in Axes
  4971 | D:7      | Noticed Pikel
  5115 | D:7      | Killed Pikel
  5115 | D:7      | Reached skill level 8 in Axes
  5353 | D:7      | Reached skill level 9 in Axes
  5696 | D:7      | Found a shadowy altar of Dithmenos.
  5902 | D:8      | Reached skill level 10 in Axes
  5905 | D:8      | Reached XP level 10. HP: 30/46 MP: 11/11
  5969 | D:8      | Found a flagged portal.
  5977 | Bailey   | Entered a bailey
  6021 | Bailey   | Reached skill level 11 in Axes
  6467 | D:8      | Found a staircase to the Lair.
  6480 | D:8      | Noticed a hill giant
  6488 | D:8      | Killed a hill giant
  6910 | D:8      | Found a deep blue altar of Sif Muna.
  7867 | D:9      | Reached skill level 12 in Axes
  7952 | D:9      | Found an iron altar of Okawaru.
  7961 | D:9      | Became a worshipper of Warmaster Okawaru
  8068 | D:9      | Reached XP level 11. HP: 40/50 MP: 10/12
  8068 | D:9      | Reached skill level 1 in Invocations
  8375 | D:10     | Entered Level 10 of the Dungeon
  8375 | D:10     | Found Wuokupef's Assorted Antiques.
  8467 | D:10     | Noticed Josephine
  8487 | D:9      | Killed from afar by Josephine

Skill      XL: |  1  2  3  4  5  6  7  8  9 10 11 |
---------------+----------------------------------+-----
Fighting       | 2 |  2.1
Armour         | 1 2 3 4 |  4.6
Dodging        | 2 3 |  3.2
Crossbows      | 4 |  4.0
Polearms       | 1 2 3 4 5 |  5.4
Axes           | 2 6 10 12 | 12.3
Invocations    | 2 |  2.0
Stealth        | |  1.2

Action                   |  1- 3 |  4- 6 |  7- 9 | 10-12 || total
-------------------------+-------+-------+-------+-------++-------
Melee: Short sword       |    64 |       |       |       ||    64
       Bite              |    25 |    24 |    24 |    27 ||   100
       Halberd           |       |   102 |     7 |       ||   109
       Trident           |       |       |    32 |       ||    32
       War axe           |       |       |    94 |   147 ||   241
 Fire: Hand crossbow     |    20 |    57 |   140 |   143 ||   360
Throw: Tomahawk          |       |       |       |     7 ||     7
  Use: Scroll            |     1 |     6 |       |    22 ||    29
       Potion            |       |     1 |       |     3 ||     4
 Stab: Sleeping          |     1 |       |       |       ||     1
  Eat: Chunk             |     1 |     5 |     9 |     9 ||    24
Armor: Leather armour    |    17 |       |       |       ||    17
       Scale mail        |       |    46 |    46 |    53 ||   145
       Skin              |       |       |       |    39 ||    39
       Ring mail         |       |       |       |    17 ||    17
Dodge: Dodged            |    29 |    65 |    84 |   114 ||   292
